Map: Winter's Gate LE

Players

Mez

  • Race: Terran Terran
  • League: Master
  • Spawn Location: 5:00

A.I. 1 (Very Easy) - Winner!

  • Race: Terran Terran
  • Spawn Location: 11:00

VOD

Have the link to the VOD?

Description

Time

  • Played on: Aug. 27, 2019, 11:31 a.m.
  • Length: 9:23
Show
View Real Time Build Order
Export as new Build Order

Mez Terran 

Build Orders: Gas First Reaper Expand, Hellion Opening 

Get SALT Encoding   

  12  0:01  SCV  
  13  0:13  SCV  
  14  0:19  Supply Depot  
  14  0:25  SCV  
  14  0:27  Refinery  
  15  0:40  SCV  
  16  0:46  Barracks  
  16  0:53  SCV  
  17  1:05  SCV  
  18  1:17  SCV  
  19  1:33  Reaper  
  19  1:34  Orbital Command  
  20  1:47  Command Center  
  20  1:57  Factory  
  20  2:00  SCV  
  21  2:07  Barracks Reactor  
  21  2:12  SCV  
  21  2:15  Supply Depot  
  22  2:20  Refinery  
  22  2:24  SCV  
  23  2:37  SCV  
  23  2:43  Starport  
  24  2:48  Hellion x2  
  28  2:53  SCV, Barracks Tech Lab  
  29  3:01  Orbital Command  
  29  3:12  Marauder  
  32  3:18  Hellion x2  
  35  3:22  Concussive Shells  
  35  3:24  Medivac  
  37  3:33  Marauder  
  39  3:39  Hellion x2  
  43  3:49  Supply Depot  
  43  3:57  Marine  
  43  3:58  Viking  
  46  4:10  SCV x2  
  46  4:11  Factory Tech Lab  
  46  4:12  Supply Depot  
  48  4:31  Cyclone  
  48  4:32  Marine x2  
  48  4:33  SCV  
  48  4:34  SCV  
  55  4:39  Raven  
  55  4:41  Command Center  
  55  4:43  Supply Depot  
  57  4:46  SCV x2  
  57  4:52  Marine x2  
  61  4:58  SCV  
  62  5:00  Refinery  
  62  5:05  Siege Tank, SCV  
  66  5:09  Supply Depot  
  66  5:10  SCV  
  67  5:17  SCV  
  68  5:23  SCV  
  69  5:29  Barracks, SCV  
  69  5:31  Starport Reactor  
  69  5:32  Barracks, Refinery  
  69  5:33  Stimpack  
  69  5:34  Marine  
  69  5:35  Refinery  
  71  5:45  SCV  
  71  5:46  SCV  
  71  5:47  Supply Depot  
  73  5:54  Orbital Command  
  73  5:58  SCV x2  
  73  6:01  Marine  
  76  6:04  Siege Tank  
  76  6:09  Supply Depot  
  79  6:12  Orbital Command  
  79  6:13  SCV x2  
  79  6:17  Starport Reactor  
  81  6:18  Marine x2  
  81  6:24  Marine  
  84  6:25  Marine  
  84  6:26  Marine  
  86  6:33  SCV, Supply Depot, Engineering Bay  
  86  6:34  SCV, Engineering Bay  
  86  6:37  Siege Tank  
  86  6:38  SCV  
  92  6:43  Marine x2  
  92  6:44  Marine  
  92  6:46  SCV x2  
  97  6:50  SCV  
  97  6:52  Marine  
  98  6:58  SCV x2, Supply Depot  
  60  7:01  Medivac x2  
  100  7:02  SCV  
  100  7:03  Marine x3  
  100  7:04  Terran Infantry Armor Level 1, Terran Infantry Weapons Level 1  
  108  7:10  SCV  
  108  7:11  Siege Tank  
  108  7:12  SCV  
  108  7:14  SCV  
  114  7:18  Barracks  
  114  7:19  Barracks  
  114  7:24  Marine x5  
  114  7:27  SCV x2  
  121  7:30  Supply Depot  
  121  7:35  Combat Shield  
  121  7:37  Medivac x2  
  125  7:47  Supply Depot  
  125  7:51  Marine x2  
  125  7:52  Siege Tank, SCV x3  
  125  7:54  Supply Depot  
  125  7:56  Refinery  
  133  8:00  Supply Depot  
  133  8:05  Armory  
  133  8:08  Marine x2, Refinery  
  133  8:09  SCV x3, Barracks Reactor x2  
  133  8:12  Supply Depot  
  138  8:13  Medivac  
  138  8:18  Marine  
  138  8:19  Marine x2  
  143  8:21  SCV x3  
  143  8:26  Marine, Siege Tank  
  150  8:27  Marine  
  150  8:33  SCV x2  
  153  8:35  Supply Depot  
  153  8:36  Marine, SCV  
  153  8:40  Supply Depot  
  155  8:45  SCV x2  
  155  8:48  Marine x6  
  157  8:52  Supply Depot  
  163  8:56  Marine x2, Command Center  
  168  9:08  Factory  
  168  9:15  Supply Depot  
  168  9:18  Supply Depot  
  168  9:22  Supply Depot  
Show
View Real Time Build Order
Export as new Build Order

A.I. 1 (Very Easy) Terran - Winner!

Build Orders:  

Get SALT Encoding   

  12  0:00  SCV  
  13  0:13  SCV  
  14  0:18  Supply Depot  
  14  0:37  Refinery  
  14  0:44  Barracks  
  14  1:03  Supply Depot  
  14  1:11  Refinery  
  14  1:29  SCV  
  15  1:33  Marine  
  16  1:41  SCV  
  17  1:53  SCV  
  18  2:05  SCV  
  18  2:06  Marine  
  20  2:17  SCV  
  21  2:29  SCV  
  22  2:38  Marine  
  22  2:41  Orbital Command  
  23  4:14  SCV  
  23  4:28  SCV  
  23  4:30  Marine  
  23  5:51  Marine, SCV  
  23  5:53  Supply Depot  
  23  5:56  Factory  
  25  6:03  SCV  
  26  6:15  SCV  
  26  6:18  Supply Depot  
  27  6:25  Barracks Tech Lab  
  27  6:27  SCV  
  28  6:39  SCV  
  29  6:42  Starport  
  29  6:44  Marauder  
  30  6:51  SCV  
  29  7:03  SCV  
  28  7:12  Command Center  
  28  7:14  Hellion  
  29  7:16  SCV  
  29  7:19  Supply Depot  
  29  7:20  Starport Tech Lab  
  30  7:28  SCV  
  30  7:36  Command Center  
  30  7:38  Raven  
  30  7:40  SCV  
  30  7:42  Marauder  
  33  7:52  SCV  
  34  7:59  Command Center  
  34  8:04  SCV  
  34  8:11  Hellion  
  36  8:16  Command Center  
  36  8:21  Raven  
  37  8:28  SCV  
  35  8:40  Marauder  
  31  8:50  Command Center  
Tags
 
Add a new tag
Caveats
  • Supply blocks, unpowered buildings, or Contaminate may cause inaccurate times.
  • Supply counts are checked every 10 seconds.